[gd_scene load_steps=5 format=2]

[ext_resource path="res://fonts/overlay_button_font.tres" type="DynamicFont" id=1]
[ext_resource path="res://ui/overlay.gd" type="Script" id=2]

[sub_resource type="InputEventKey" id=1]
scancode = 72

[sub_resource type="ShortCut" id=2]
shortcut = SubResource( 1 )

[node name="Overlay" type="CanvasLayer"]
script = ExtResource( 2 )

[node name="ResetButton" type="Button" parent="."]
margin_left = 41.0
margin_top = 80.0
margin_right = 383.0
margin_bottom = 125.0
mouse_default_cursor_shape = 2
custom_fonts/font = ExtResource( 1 )
text = "  ⊗ Reset Level"
align = 0
__meta__ = {
"_edit_use_anchors_": false
}

[node name="ExitButton" type="Button" parent="."]
margin_left = 485.57
margin_top = 20.5517
margin_right = 827.57
margin_bottom = 65.5517
mouse_default_cursor_shape = 2
custom_fonts/font = ExtResource( 1 )
text = "  ⏏ Return to menu"
align = 0
__meta__ = {
"_edit_use_anchors_": false
}

[node name="HighlightButton" type="Button" parent="."]
margin_left = 40.0
margin_top = 20.0
margin_right = 382.0
margin_bottom = 65.0
mouse_default_cursor_shape = 2
custom_fonts/font = ExtResource( 1 )
toggle_mode = true
shortcut = SubResource( 2 )
text = "  ☀ Highlight Objects"
align = 0
__meta__ = {
"_edit_use_anchors_": false
}

[node name="StartConstructionButton" type="Button" parent="."]
margin_left = 920.0
margin_top = 20.0
margin_right = 1255.0
margin_bottom = 65.0
mouse_default_cursor_shape = 2
custom_fonts/font = ExtResource( 1 )
text = "↺ Start Construction"
align = 0
__meta__ = {
"_edit_use_anchors_": false
}

[node name="StartMovementButton" type="Button" parent="."]
margin_left = 920.0
margin_top = 20.0
margin_right = 1255.0
margin_bottom = 65.0
mouse_default_cursor_shape = 2
custom_fonts/font = ExtResource( 1 )
text = "✓ Start Movement"
align = 0
__meta__ = {
"_edit_use_anchors_": false
}

[connection signal="button_down" from="ResetButton" to="." method="play_button_sound"]
[connection signal="pressed" from="ResetButton" to="." method="reset"]
[connection signal="button_down" from="ExitButton" to="." method="play_button_sound"]
[connection signal="pressed" from="ExitButton" to="." method="exit_level"]
[connection signal="button_down" from="HighlightButton" to="." method="play_button_sound"]
[connection signal="toggled" from="HighlightButton" to="." method="toggle_highlight_all"]
[connection signal="pressed" from="StartConstructionButton" to="." method="start_construction"]
[connection signal="button_down" from="StartMovementButton" to="." method="play_button_sound"]
[connection signal="pressed" from="StartMovementButton" to="." method="start_movement"]
